 Dungeon Crawl Stone Soup version 0.23.1 (webtiles) character file.

Game seed: 0

184 misha the Shield-Bearer (level 5, -2/47 HPs)
             Began as a Minotaur Fighter on Mar 2, 2019.
             Killed from afar by an orc wizard (8 damage)
             ... with a puff of frost
             ... on level 4 of the Dungeon.
             The game lasted 00:07:15 (3021 turns).

misha the Shield-Bearer (Minotaur Fighter)          Turns: 3021, Time: 00:07:16

Health: -2/47      AC:  7    Str: 22    XL:     5   Next: 36%
Magic:  4/4        EV:  7    Int:  5    God:
Gold:   185        SH: 10    Dex:  9    Spells: 4/4 levels left

rFire    . . .     SeeInvis .   a - +0 flail
rCold    . . .     Gourm    .   c - +0 shield
rNeg     . . .     Faith    .   b - +0 scale mail
rPois    .         Spirit   .   (helmet restricted)
rElec    .         Reflect  .   (no cloak)
rCorr    .         Harm     +   (no gloves)
MR       .....                  (no boots)
Stlth    ..........             n - amulet of harm
HPRegen  0.15/turn              (no ring)
MPRegen  0.09/turn              (no ring)

@: very slow
A: retaliatory headbutt, horns 2
a: no special abilities


You were on level 4 of the Dungeon.
You were very hungry.

You visited 1 branch of the dungeon, and saw 4 of its levels.

You collected 185 gold pieces.

Inventory:

Hand Weapons
 a - a +0 flail (weapon)
Missiles
 s - 19 stones (quivered)
Armour
 b - a +0 scale mail (worn)
 c - a +0 shield (worn)
Jewellery
 m - an uncursed amulet of guardian spirit {unknown}
 n - an amulet of harm (around neck)
Scrolls
 e - a scroll of remove curse
 g - a scroll of teleportation {unknown}
 k - a scroll of identify
 l - a scroll of magic mapping {unknown}
 o - a scroll of amnesia {unknown}
 p - a scroll of enchant armour {unknown}
 t - a scroll of enchant weapon {unknown}
 v - a scroll of immolation {unknown}
Potions
 d - 3 potions of might
 h - 2 potions of haste
 i - a potion of curing {unknown}
 j - a potion of magic {unknown}
 q - a potion of lignification {unknown}
 r - a potion of heal wounds {unknown}
 u - a potion of brilliance {unknown}
Comestibles
 f - 4 rations


   Skills:
 + Level 4.5 Fighting
 + Level 4.1 Maces & Flails
 + Level 4.6 Armour
 - Level 0.2 Dodging
 + Level 5.0 Shields


You had 4 spell levels left.
You didn't know any spells.
Your spell library contained the following spells:

 Spells                   Type           Power        Failure   Level  Hunger
 Animate Skeleton         Necr           N/A          99%         1    ##.....


Dungeon Overview and Level Annotations

Branches:
Dungeon (4/15)
 Temple: D:4-7

Altars:
Cheibriados
Dithmenos
Elyvilon
Kikubaaqudgha
Makhleb
Qazlal
Sif Muna
Trog
Vehumet
Wu Jian
Yredelemnul
Zin

Annotations:
D:3 Ijyb


Innate Abilities, Weirdness & Mutations

You reflexively headbutt those who attack you in melee.
You have a pair of horns on your head.


Message History

Really walk into that cloud of steam?
You are engulfed in a cloud of scalding steam.
* * * LOW HITPOINT WARNING * * *
You start resting.
The orc wizard is too close now for your liking.
An orc wizard is nearby!
An orc wizard is nearby!
You barely miss the orc wizard.
The orc wizard miscasts a cantrip.
Your unstable footing causes you to fumble your attack.
The orc wizard splashes around in the water.
The orc wizard casts a spell at you. The puff of flame hits you.
* * * LOW HITPOINT WARNING * * *
Your unstable footing causes you to fumble your attack.
You are engulfed in a cloud of scalding steam.
The orc wizard splashes around in the water.
The orc wizard points at you and mumbles some strange words.
The puff of frost hits you!
You die...

######## #######
#......# ## ......#
#......# .# ......#
#......#..# ......#
#......#≈≈
##.#######....))≈♣♣♣♣♣≈≈
##.#####......≈≈♣o≈≈≈P≈≈
...#...#.....♣♣≈@≈♣≈≈≈
...#...#....≈♣≈≈≈≈≈P≈≈≈≈
...##..#...≈≈≈≈≈≈≈≈≈≈≈≈≈
...##..#...≈≈≈♣≈PP≈≈≈≈≈≈
.......#...♣♣≈≈≈♣P≈≈≈≈≈≈
...##..#....≈≈P≈PP≈≈≈≈≈≈
...##..#.....♣♣≈≈≈≈≈P≈≈≈
...##..'.......♣♣♣≈≈≈≈≈≈
...##..#.......# ♣♣≈♣


You could see an orc wizard.

Vanquished Creatures
  2 orc priests (D:4)
  2 worker ants
  An adder (D:2)
  2 worms
  5 dart slugs
  A leopard gecko (D:2)
  7 orcs
  4 bats
  4 giant cockroaches
  6 goblins
  4 hobgoblins
  4 quokkas
  2 frilled lizards (D:2)
  A kobold (D:1)
  2 rats
47 creatures vanquished.

Notes
Turn   | Place    | Note
-------+----------+-------------------------------------------
     0 | D:1      | misha the Minotaur Fighter began the quest for the Orb.
     0 | D:1      | Reached XP level 1. HP: 19/19 MP: 0/0
   234 | D:1      | Reached XP level 2. HP: 27/27 MP: 1/1
   559 | D:2      | Reached skill level 4 in Shields
   874 | D:2      | Found a bloodstained altar of Trog.
  1027 | D:2      | Reached XP level 3. HP: 33/33 MP: 2/2
  1062 | D:2      | Found a radiant altar of Vehumet.
  1078 | D:2      | Found an ancient bone altar of Kikubaaqudgha.
  1079 | D:2      | Found a deep blue altar of Sif Muna.
  1085 | D:2      | Identified Kikubaaqudgha's Incunabulum of Darkness
  2033 | D:3      | Reached XP level 4. HP: 33/40 MP: 3/3
  2133 | D:3      | Found a basalt altar of Yredelemnul.
  2133 | D:3      | Noticed Ijyb
  2481 | D:4      | Found a white marble altar of Elyvilon.
  2512 | D:4      | Found a shadowy altar of Dithmenos.
  2513 | D:4      | Found a burning altar of Makhleb.
  2513 | D:4      | Found a stormy altar of Qazlal.
  2515 | D:4      | Found a glowing silver altar of Zin.
  2527 | D:4      | Found a bloodstained altar of Trog.
  2540 | D:4      | Found a snail-covered altar of Cheibriados.
  2681 | D:4      | Found an ornate altar of the Wu Jian Council.
  2707 | D:4      | Reached XP level 5. HP: 38/47 MP: 4/4
  3003 | D:4      | Reached skill level 5 in Shields
  3021 | D:4      | Killed from afar by an orc wizard

Skill      XL: |  1  2  3  4  5 |
---------------+----------------+-----
Fighting       | 4 |  4.5
Shields        | 4 5 |  5.0
Armour         | 4 |  4.6
Maces & Flails | 3 4 |  4.1
Dodging        | |  0.2

Action                   |  1- 3 |  4- 6 || total
-------------------------+-------+-------++-------
Melee: Flail             |   104 |    52 ||   156
       Headbutt          |    17 |    10 ||    27
  Use: Scroll            |     2 |       ||     2
  Eat: Chunk             |     1 |     1 ||     2
       Ration            |     1 |       ||     1
Armor: Scale mail        |    30 |    21 ||    51
Dodge: Dodged            |    38 |    10 ||    48
Block: Shield            |    51 |    31 ||    82
